 Dungeon Crawl Stone Soup version 0.27.1-33-g824d729ab1 (webtiles) character file.

Game seed: 5395639024747847643

157 LeonJames the Bolt Thrower (level 5, -1/40 HPs)
             Began as a Human Hunter on Nov 30, 2021.
             Slain by a hobgoblin (2 damage)
             ... on level 2 of the Dungeon.
             The game lasted 00:46:45 (4378 turns).

LeonJames the Bolt Thrower (Human Hunter)           Turns: 4378, Time: 00:46:51

Health: -1/40      AC:  9    Str: 12 (13) XL:     5   Next: 66%
Magic:  5/5        EV:  5    Int:  9 (11) God:
Gold:   121        SH:  0    Dex: 13 (14) Spells: 4/4 levels left

rFire    . . .     SeeInvis .   b - +0 short sword
rCold    . . .     Faith    .   (no shield)
rNeg     . . .     Spirit   .   i - +0 chain mail
rPois    .         Reflect  .   (no helmet)
rElec    .         Harm     .   m - +0 cloak
rCorr    .         Rampage  .   (no gloves)
Will     .....                  (no boots)
Stlth    ..........             (no amulet)
HPRegen  0.13/turn              (no ring)
MPRegen  0.09/turn              (no ring)

@: no status effects
A: no striking features
a: no special abilities


You were on level 2 of the Dungeon.
You visited 1 branch of the dungeon, and saw 3 of its levels.

You collected 121 gold pieces.

Inventory:

Hand Weapons
 a - a +1 hand crossbow
 b - a +0 short sword (weapon)
 p - a +0 hunting sling
Missiles
 d - 30 bolts
 g - 40 arrows
 l - 27 poisoned darts
 q - 37 sling bullets
 r - 160 stones (quivered)
Armour
 i - a +0 chain mail (worn)
 m - a +0 cloak (worn)
Scrolls
 e - 2 scrolls of teleportation {unknown}
 f - a scroll of enchant weapon {unknown}
 h - 3 scrolls of identify {unknown}
 j - a scroll of torment {unknown}
 o - a scroll of fog {unknown}


   Skills:
 + Level 2.9 Fighting
 + Level 0.2 Short Blades
 + Level 0.9(1.1) Slings
 + Level 5.3 Crossbows
 + Level 0.9(1.1) Throwing
 + Level 1.3 Armour
 + Level 2.3 Dodging
 + Level 1.0 Stealth


You had 4 spell levels left.
You didn't know any spells.
Your spell library contained the following spells:

 Spells                   Type           Power      Damage    Failure   Level
 Ignite Poison            Fire/Tmut/Pois 0%         N/A       100%        3
 Mephitic Cloud           Conj/Pois/Air  0%         N/A       100%        3
 Bolt of Magma            Conj/Fire/Erth 0%         4d4       100%        5


Dungeon Overview and Level Annotations

Branches:
Dungeon (3/15)

Altars:


Message History

You throw a stone. The stone barely misses the hobgoblin.
The stone hits the kobold.
You kill the kobold!
The hobgoblin hits you with a +0 club.
* * * LOW HITPOINT WARNING * * *
Throw: 164 stones
Press: ? - help, Q - select action, (/) - cycle Shift-Dir - straight line, f/p - hobgoblin
Aim: a hobgoblin, wielding a +0 club (54% to hit)
You throw a stone.
The stone hits the hobgoblin but does no damage.
Throw: 163 stones
Press: ? - help, Q - select action, (/) - cycle Shift-Dir - straight line, f/p - hobgoblin
Aim: a hobgoblin, wielding a +0 club (56% to hit)
You throw a stone. The stone hits the hobgoblin.
The hobgoblin is lightly wounded.
The hobgoblin hits you but does no damage.
The gnoll hits you with a +0 whip.
* * * LOW HITPOINT WARNING * * *
The goblin shoots a stone.
The stone hits you but does no damage.
There is a stone staircase leading up here.
The hobgoblin hits you with a +0 club.
* * * LOW HITPOINT WARNING * * *
You climb upwards.
There is a stone staircase leading down here.
Throw: 162 stones
Press: ? - help, Q - select action, (/) - cycle Shift-Dir - straight line, f - hobgoblin
Aim: a hobgoblin, wielding a +0 club (54% to hit)
You throw a stone.
The stone hits the hobgoblin but does no damage.
The hobgoblin hits you with a +0 club.
* * * LOW HITPOINT WARNING * * *
The dart slug launches a dart at you.
The slug dart hits you but does no damage.
Throw: 161 stones
Press: ? - help, Q - select action, (/) - cycle Shift-Dir - straight line, f/p - hobgoblin
Aim: a hobgoblin, wielding a +0 club (54% to hit)
You throw a stone. The stone hits the hobgoblin.
The hobgoblin is lightly wounded.
The hobgoblin hits you with a +0 club.
You die...

..# ..#
#..# ..#
#.w# ..#
#..# ..#
#..# ###
#..#
#..# #
#..#.###
#.@g...#
######
####.#.#
...... #
......
......
......
......
......
?.....


You could see a dart slug and a hobgoblin.

Vanquished Creatures
  A gnoll (D:3)
  3 adders
  A worm (D:3)
  2 dart slugs
  An orc (D:2)
  A ball python (D:2)
  6 endoplasms
  4 giant cockroaches
  29 goblins
  23 hobgoblins
  2 quokkas (D:1)
  7 bats
  4 frilled lizards
  9 kobolds
  4 rats
97 creatures vanquished.

Vanquished Creatures (others)
  11 plants (D:3)
11 creatures vanquished.

Grand Total: 108 creatures vanquished

Notes
Turn   | Place    | Note
-------+----------+-------------------------------------------
     0 | D:1      | LeonJames the Human Hunter began the quest for the Orb.
     0 | D:1      | Reached XP level 1. HP: 16/16 MP: 1/1
   266 | D:1      | Reached XP level 2. HP: 22/22 MP: 2/2
   793 | D:1      | Reached XP level 3. HP: 27/27 MP: 3/3
  1568 | D:2      | Reached XP level 4. HP: 33/34 MP: 4/4
  1742 | D:2      | You fall into a shaft and drop 1 floor!
  1964 | D:3      | Reached skill level 5 in Crossbows
  2124 | D:3      | Reached skill level 1 in Armour
  3363 | D:3      | Reached XP level 5. HP: 39/39 MP: 5/5
  4367 | D:3      | HP: 2/40 [gnoll (2)]
  4375 | D:3      | HP: 2/40 [hobgoblin (1)]
  4378 | D:2      | Slain by a hobgoblin

Illustrated notes

Levels and vault maps discovered:
D:1:      lemuel_arrival_hallway, layout_basic,
          shapermc_ecumenical_altar_mp_vishouse
D:2:      layout_basic, hangedman_glass_teeth
D:3:      minmay_goblin_kobold_castle, layout_basic, supply_closet_lemuel,
          serial_bayou_lagoon_b

Skill      XL: |  1  2  3  4 |
---------------+-------------+-----
Crossbows      | 5 |  5.3
Armour         | 1 |  1.3
Fighting       | |  2.9
Short Blades   | |  0.2
Slings         | |  0.9
Throwing       | |  0.9
Dodging        | |  2.3
Stealth        | |  1.0

Action                   |  1- 3 |  4- 6 || total
-------------------------+-------+-------++-------
Melee: Short sword       |       |    87 ||    87
 Fire: Hand crossbow     |    72 |    55 ||   127
       Hunting sling     |       |    22 ||    22
Throw: Dart              |       |    44 ||    44
       Stone             |       |    39 ||    39
  Use: Potion            |       |     3 ||     3
Armor: Leather armour    |     1 |     1 ||     2
       Chain mail        |       |    89 ||    89
       Skin              |       |    24 ||    24
Dodge: Dodged            |    20 |    58 ||    78
